 Dungeon Crawl Stone Soup version 0.26-a0-667-g92642533e4 (webtiles) character file.

Game seed: 3691311522172199983

64 Napalmbreeze the Vandal (level 4, -10/31 HPs)
             Began as a Halfling Hunter on Oct 18, 2020.
             Killed from afar by Sigmund (11 damage)
             ... with a magic dart
             ... on level 2 of the Dungeon.
             The game lasted 00:03:29 (1221 turns).

Napalmbreeze the Vandal (Halfling Hunter)           Turns: 1221, Time: 00:03:29

Health: -10/31     AC:  3    Str: 13    XL:     4   Next: 32%
Magic:  4/4        EV: 14    Int:  9    God:
Gold:   24         SH:  0    Dex: 15    Spells: 3/3 levels left

rFire    . . .     SeeInvis .   a - +1 hunting sling
rCold    . . .     Faith    .   (shield restricted)
rNeg     . . .     Spirit   .   c - +0 leather armour
rPois    .         Reflect  .   (no helmet)
rElec    .         Harm     .   (no cloak)
rCorr    .         Rampage  .   (no gloves)
MR       .....                  (no boots)
Stlth    ++........             (no amulet)
HPRegen  0.10/turn              (no ring)
MPRegen  0.09/turn              (no ring)

@: no status effects
A: small, mutation resistance 1
a: no special abilities


You were on level 2 of the Dungeon.
You visited 1 branch of the dungeon, and saw 2 of its levels.

You collected 24 gold pieces.

Inventory:

Hand Weapons
 a - a +1 hunting sling (weapon)
 b - a +0 short sword
Missiles
 d - 21 sling bullets (quivered)
 h - 43 stones
Armour
 c - a +0 leather armour (worn)
Scrolls
 e - 3 scrolls of remove curse
 g - a scroll of magic mapping
 l - a scroll of teleportation
Potions
 f - a potion of mutation {unknown}
 i - 2 potions of curing
 j - a potion of flight {unknown}
 k - a potion of stabbing {unknown}
 m - a potion of haste {unknown}


   Skills:
 + Level 3.0 Fighting
 + Level 7.0 Slings
 - Level 2.1 Dodging
 - Level 1.1 Stealth


You had 3 spell levels left.
You didn't know any spells.
Your spell library was empty.

Dungeon Overview and Level Annotations

Branches:
Dungeon (2/15)

Altars:

Annotations:
D:2 Sigmund


Innate Abilities, Weirdness & Mutations

You are small and have problems with some larger weapons.
You are somewhat resistant to further mutation.


Message History

Sigmund is almost dead.
Sigmund gestures at you while chanting. The puff of flame misses you.
Firing (i - inventory. (/) - cycle)
d - 22 sling bullets (quivered)
Press: ? - help, Shift-Dir - straight line, f/p - Sigmund
Aim: Sigmund, wielding a +0 scythe and wearing a +0 robe (almost dead)
You shoot a sling bullet. The sling bullet hits Sigmund.
Sigmund is almost dead.
Sigmund mumbles some strange words.
Sigmund flickers and vanishes!
Deactivating autopickup; reactivate with Ctrl-A.
Firing (i - inventory. (/) - cycle)
d - 21 sling bullets (quivered)
Press: ? - help, Shift-Dir - straight line, f - you Really target yourself? [Y]es or [N]o only, please.
Really target yourself?
Okay, then.
A magic dart appears from out of thin air!
The magic dart hits you!
You die...

#..######....#....#
#..#### #.#.#..(..#
#.....# #.####.(..#
#.###.# #{# ##(#.#
#.###.###.# #.#...
#.........# #(# ###
#####.##### ##{##
##.## ##...##
##...## ##.(@..##
#.#.#.#
##....รท..##
#.....###.........#
#.......'.........+
##...####.........#
##..# ##.......##
##.# ##.....## #.#
##...## #.# ##'##


There were no monsters in sight!

Vanquished Creatures
  Natasha (D:2)
  An ooze (D:1)
  A worm (D:2)
  7 bats (D:1)
  6 goblins
  4 hobgoblins (D:1)
  3 kobolds (D:1)
  2 frilled lizards
  8 rats
33 creatures vanquished.

Notes
Turn   | Place    | Note
-------+----------+-------------------------------------------
     0 | D:1      | Napalmbreeze the Halfling Hunter began the quest for the
                  | Orb.
     0 | D:1      | Reached XP level 1. HP: 14/14 MP: 1/1
    72 | D:1      | Reached skill level 6 in Slings
    89 | D:1      | Reached XP level 2. HP: 19/19 MP: 2/2
   258 | D:1      | Reached XP level 3. HP: 25/25 MP: 3/3
   642 | D:2      | Noticed Sigmund
   647 | D:2      | Noticed Natasha
   996 | D:2      | Killed Natasha
   996 | D:2      | Reached skill level 7 in Slings
   996 | D:2      | Reached XP level 4. HP: 30/30 MP: 4/4
  1216 | D:2      | HP: 1/31 [Sigmund/+0 scythe (9)]
  1221 | D:2      | Killed from afar by Sigmund

Illustrated notes

Levels and vault maps discovered:
D:1:      giann_horns, layout_basic
D:2:      layout_loops_corners, minmay_misc_feat_rows, minmay_misc_feat_doors,
          uniq_crazy_yiuf_cottage, uniq_sigmund, uniq_natasha

Skill      XL: |  1  2  3  4 |
---------------+-------------+-----
Slings         | 6 7 |  7.0
Fighting       | 2 3 |  3.0
Dodging        | |  2.1
Stealth        | |  1.1

Action                   |  1- 3 |  4- 6 || total
-------------------------+-------+-------++-------
 Fire: Hunting sling     |    90 |    30 ||   120
  Use: Scroll            |     4 |       ||     4
Armor: Leather armour    |     6 |       ||     6
Dodge: Dodged            |    20 |     5 ||    25

Table legend: (Time is in decaauts)
 A = Elapsed time spent in this place.
 B = Non-inter-level travel time spent in this place.
 C = Inter-level travel time spent in this place.
 D = Time resting spent in this place.
 E = Time spent auto-exploring this place.
 F = Levels seen in this place.
 G = Mean time per level.
                   A        B        C        D        E       F      G
               +--------+--------+--------+--------+--------+-----+--------+
         Total |   1208 |   1112 |     96 |    326 |    481 |   2 |  604.0 |
       Dungeon |   1208 |   1112 |     96 |    326 |    481 |   2 |  604.0 |
               +--------+--------+--------+--------+--------+-----+--------+

Top non-repeatable levels by time:
     D:1: 971 daAuts
     D:2: 237 daAuts
